 Dungeon Crawl Stone Soup version 0.31-a0-214-gb37851dbb3 (webtiles) character file.

Game seed: 1535453463269009303

209 qw the Shooter (level 5, -2/32 HPs)
             Began as a Gargoyle Hexslinger on July 1, 2023.
             Slain by a sleepcap (4 damage)
             ... on level 4 of the Dungeon.
             The game lasted 00:01:10 (2708 turns).

qw the Shooter (Gargoyle Hexslinger)                Turns: 2708, Time: 00:01:11

Health: -2/32      AC: 13    Str: 17    XL:     5   Next: 87%
Magic:  6/6        EV: 11    Int: 14    God:
Gold:   31         SH:  0    Dex: 14    Spells: 5/6 levels left

rFire   . . .        Y - +1 sling (freeze)
rCold   . . .        (no shield)
rNeg    + . .        h - +0 ring mail
rPois   inf          n - +1 helmet
rElec   +            o - +0 cloak
rCorr   .            (no gloves)
SInv    .            g - +0 pair of boots
Will    .....        (no amulet)
Stlth   +            f - +6 ring of strength
HPRegen 0.25/turn    (no ring)
MPRegen 0.10/turn

%: no passive effects
@: no status effects
A: sickness immunity, AC +4, negative energy resistance 1, electricity
resistance, torment resistance 1, petrification resistance
a: no special abilities


You were on level 4 of the Dungeon.
You visited 1 branch of the dungeon, and saw 4 of its levels.

You collected 180 gold pieces.
You spent 149 gold pieces at shops.


Innate Abilities, Weirdness & Mutations

You are immune to sickness and miasma.
Your stone body is resilient. (AC +4)
You are immune to poison.
You resist negative energy. (rN+)
You are resistant to electric shocks. (rElec)
You are resistant to unholy torment.
You are immune to petrification.


   Skills:
 + Level 2.9 Fighting
 - Level 5.0 Ranged Weapons
 - Level 1.4 Armour
 - Level 1.5 Dodging
 - Level 1.0 Spellcasting
 - Level 2.6 Hexes


You had 5 spell levels left.
You knew the following spells:

 Your Spells              Type           Power      Damage    Failure   Level
a - Slow                  Hex            32%        N/A       16%         1

Your spell library contained the following spells:

 Spells                   Type           Power      Damage    Failure   Level
 Inner Flame              Hex/Fire       4%         N/A       63%         3
 Portal Projectile        Hex/Tloc       8%         N/A       63%         3
 Cause Fear               Hex            4%         N/A       83%         4

Inventory:

Hand Weapons
 Y - a +1 sling of freezing (weapon)
Armour
 g - a +0 pair of boots (worn)
 h - a +0 ring mail (worn)
 n - a +1 helmet (worn)
 o - a +0 cloak (worn)
Jewellery
 f - a +6 ring of strength (left hand)
Scrolls
 k - 2 scrolls of identify
Potions
 b - a potion of cancellation
 d - a potion of might {unknown}
 e - a potion of curing {unknown}
 i - a potion of ambrosia {unknown}
 j - a potion of heal wounds {unknown}
 p - a potion of magic {unknown}

Dungeon Overview and Level Annotations

Branches:
Dungeon (4/15)
 Temple: D:4-7

Altars:
Nemelex Xobeh
Ru

Shops:
D:3 ?


Message History

The jackal closely misses you. The sleepcap closely misses you.
The scorpion stings you but does no damage.
The jackal bites you but does no damage.
You shoot a sling bullet. The sling bullet hits the scorpion.
The sling bullet freezes the scorpion.
The scorpion is severely wounded.
The jackal barely misses you.
The scorpion stings you but does no damage.
The jackal bites you.
The sleepcap releases spores at you but does no damage.
The jackal bites you but does no damage.
The scorpion stings you but does no damage.
You shoot a sling bullet.
The sling bullet hits the scorpion but does no damage.
The scorpion is severely wounded.
The jackal misses you.
The jackal bites you but does no damage.
The sleepcap closely misses you. The jackal bites you.
The scorpion stings you but does no damage.
The jackal bites you but does no damage.
The sleepcap releases spores at you but does no damage.
You shoot a sling bullet.
The sling bullet hits the scorpion but does no damage.
The scorpion is severely wounded.
The jackal misses you. The jackal closely misses you.
The scorpion closely misses you. The jackal barely misses you.
The sleepcap closely misses you. The jackal closely misses you.
You shoot a sling bullet.
The sling bullet barely misses the scorpion.
The scorpion stings you but does no damage.
The jackal misses you. The jackal completely misses you.
The sleepcap releases spores at you! The scorpion stings you.
The jackal barely misses you.
You shoot a sling bullet. The sling bullet hits the scorpion!
The sling bullet freezes the scorpion.
You kill the scorpion!
The jackal closely misses you.
The jackal bites you but does no damage.
The sleepcap releases spores at you.
You die...

..............#
...............
...............
...............
...........)...
...............
......f%.......
.....Sh@.......
......h........
.........%.....
........>......
...............
...............
......)........
...............
....>..........


You could see a sleepcap, 2 jackals and a ball python.

Vanquished Creatures
  A scorpion (D:4)
  A hound (D:4)
  An iguana (D:4)
  Robin (D:3)
  6 adders
  2 dart slugs
  2 orcs
  A ball python (D:2)
  7 bats
  7 endoplasms
  3 giant cockroaches
  16 goblins
  10 hobgoblins
  2 jackals (D:3)
  4 quokkas
  4 frilled lizards (D:2)
  7 kobolds
  2 rats (D:1)
77 creatures vanquished.

Notes
Turn   | Place    | Note
-------+----------+-------------------------------------------
     0 | D:1      | qw the Gargoyle Hexslinger began the quest for the Orb.
     0 | D:1      | Reached XP level 1. HP: 12/12 MP: 2/2
     0 | D:1      | 0 ||| qw: Version: 0.3-a-32-g5962c71
     0 | D:1      | 0 ||| qw: Game counter: 7458
     0 | D:1      | 0 ||| qw: Melee chars always use a shield: true
     0 | D:1      | 0 ||| qw: God list: Okawaru
     0 | D:1      | 0 ||| qw: Allow faded altars: false
     0 | D:1      | 0 ||| qw: Do Orc after clearing Dungeon:15 true
     0 | D:1      | 0 ||| qw: Do second Lair branch before Depths: true
     0 | D:1      | 0 ||| qw: Lair rune preference: random
     0 | D:1      | 0 ||| qw: Goals: Normal
     0 | D:1      | 0 ||| PLANNING D:1-11
   146 | D:1      | Reached XP level 2. HP: 16/16 MP: 3/3
   320 | D:1      | Reached skill level 3 in Ranged Weapons
   611 | D:1      | 611 ||| FLEEEEING.
   612 | D:1      | 612 ||| FLEEEEING.
   712 | D:1      | Reached XP level 3. HP: 20/21 MP: 4/4
   845 | D:1      | 845 ||| UPGRADING to +0 leather armour.
   855 | D:1      | 855 ||| DROPPING +0 robe.
   856 | D:1      | 856 ||| UPGRADING to +0 pair of boots.
   861 | D:1      | 861 ||| UPGRADING to +0 ring mail.
   871 | D:1      | 871 ||| DROPPING +0 leather armour.
   872 | D:1      | 872 ||| READING scroll labelled FOPA FETUASCHI.
   873 | D:1      | 873 ||| READING scroll labelled WUDO CINLISI.
   874 | D:1      | 874 ||| DROPPING scroll of poison.
  1038 | D:2      | Reached skill level 1 in Armour
  1222 | D:2      | Reached XP level 4. HP: 26/26 MP: 5/5
  1781 | D:2      | 1781 ||| READING scroll labelled CIAGAD DURGHA.
  1782 | D:2      | 1782 ||| READING scroll labelled ORREFIUCIA.
  1825 | D:3      | Reached skill level 4 in Ranged Weapons
  2086 | D:3      | Found a sacrificial altar of Ru.
  2091 | D:3      | Noticed Robin
  2094 | D:3      | 2094 ||| Stepping ~*~*~tactically~*~*~ (outnumbered).
  2099 | D:3      | 2099 ||| Stepping ~*~*~tactically~*~*~ (outnumbered).
  2107 | D:3      | Killed Robin
  2208 | D:3      | Reached XP level 5. HP: 30/30 MP: 6/6
  2213 | D:3      | Found Monwofac's Magic Scroll Shoppe.
  2219 | D:3      | 2219 ||| BUYING scroll of brand weapon (123 gold).
  2219 | D:3      | Bought a scroll of brand weapon for 123 gold pieces
  2219 | D:3      | 2219 ||| BUYING scroll of identify (26 gold).
  2219 | D:3      | Bought a scroll of identify for 26 gold pieces
  2219 | D:3      | 2219 ||| SHOPLISTING scroll of identify (26 gold, have 15).
  2219 | D:3      | 2219 ||| READING scroll of brand weapon.
  2219 | D:3      | 2219 ||| BRANDING +1 sling.
  2414 | D:3      | Found a sparkling altar of Nemelex Xobeh.
  2529 | D:3      | 2529 ||| UPGRADING to +1 helmet.
  2534 | D:3      | 2534 ||| UPGRADING to +0 cloak.
  2539 | D:3      | 2539 ||| UPGRADING to +6 ring of strength.
  2540 | D:3      | 2540 ||| READING 2 scrolls labelled EHO BOFAZEV.
  2541 | D:3      | 2541 ||| READING scroll labelled AGGIUSCHE YVVUL.
  2542 | D:3      | 2542 ||| DRINKING 2 murky cyan potions.
  2543 | D:3      | 2543 ||| DRINKING 2 red potions.
  2544 | D:3      | 2544 ||| READING 2 scrolls of identify.
  2544 | D:3      | 2544 ||| IDENTIFYING fuming orange potion
  2545 | D:3      | 2545 ||| DROPPING potion of attraction.
  2546 | D:3      | 2546 ||| DROPPING potion of lignification.
  2547 | D:3      | 2547 ||| DROPPING scroll of noise.
  2664 | D:4      | Reached skill level 5 in Ranged Weapons
  2707 | D:4      | HP: 2/32 [sleepcap (7)]
  2708 | D:4      | Slain by a sleepcap

Levels and vault maps discovered:
D:1:      spicycebolla_arrival_clurvy, layout_basic, nicolae_hexahallways,
          serial_bayou_pond_e
D:2:      layout_loops_corners, minmay_heptomino_w4
D:3:      layout_loops_cross, mainiacjoe_overflow_surrounded_room,
          nemelex_dance_club_becter, serial_shops, shop, uniq_robin
D:4:      layout_basic, nzn_overflow_gifts_of_might_and_magic,
          minmay_temple_entry_arrows, nicolae_the_louvre

Skill      XL: |  1  2  3  4  5 |
---------------+----------------+-----
Ranged Weapons | 3 4 5 |  5.0
Fighting       | 2 |  2.9
Armour         | 1 |  1.4
Dodging        | |  1.5
Spellcasting   | |  1.0
Hexes          | |  2.6

Action                     |  1- 3 |  4- 6 || total
---------------------------+-------+-------++-------
   Fire: Sling             |   128 |   138 ||   266
    Use: Scroll            |     2 |     6 ||     8
         Potion            |       |     2 ||     2
 Armour: Robe              |    16 |       ||    16
         Ring mail         |    13 |   122 ||   135
  Dodge: Dodged            |    51 |   136 ||   187

Table legend:
 A = Non-vault XP
 B = Vault XP
 C = Vault XP percentage of total XP
 D = Non-vault monster count
 E = Vault monster count
 F = Vault count percentage of total count
                 A         B        C        D         E       F
            +---------+---------+-------+---------+---------+-------
      Total |     318 |      61 |  16.1 |      59 |      18 |  23.4
            +---------+---------+-------+---------+---------+-------
        D:1 |      42 |       0 |   0.0 |      23 |       0 |   0.0
        D:2 |      51 |      22 |  30.1 |      21 |       6 |  22.2
        D:3 |      35 |      39 |  52.7 |       7 |      12 |  63.2
        D:4 |     190 |       0 |   0.0 |       8 |       0 |   0.0
            +---------+---------+-------+---------+---------+-------
